AoeStats
← bar

Nomad

508298234Analyzed
4v4 RM · 12d ago on Sep 21, 2026· 63m 38s· 8 players
Game mode
Random Map
Map size
231×231
Population
200
Speed
Normal
Resources
Standard
Victory
Conquest
Starting age
Dark Age
Ending age
Imperial Age
RankedLock teamsTeams togetherTeam positionsShared explorationLock speedFull tech treeHidden civsTurbo modeCheats
Victory
Defeat
🇹🇷 Huns · Türkiye
915
+10
🇹🇷 Franks · Türkiye
907
+10
🇹🇷 Burgundians · Türkiye
898
+11
🇹🇷 Huns · Türkiye
770
+16
🇬🇧 Spanish · United Kingdom
846
-14
🇵🇱 Armenians · Poland
789
-12
🇻🇪 Cumans · Venezuela
746
-11
🇮🇹 Bohemians · Italy
735
-10
Special Air (SAS)
14:34 Feudal Age
17:40 Double-Bit Axe
20:06 Castle Age
17:49 Fishing Lines
20:21 Man-at-Arms
21:14 Long Swordsman
21:55 Squires
23:13 Wheelbarrow
23:30 Horse Collar
24:37 Two-Handed Swordsman
27:23 Pikeman
28:28 Hand Cart
28:19 Heavy Plow
28:18 Gillnets
28:55 Gold Mining
29:40 Forging
34:54 Scale Mail Armor
35:30 Iron Casting
36:30 Stone Mining
37:19 Gold Shaft Mining
37:42 Bow Saw
37:50 Chain Mail Armor
38:42 Heavy Plow
42:50 Imperial Age
41:41 Arson
41:22 Halberdier
42:59 Capped Ram
45:29 Blast Furnace
44:38 Fereters
45:34 Siege Ram
47:22 Champion
47:50 Gambesons
48:46 Conscription
Louis Theroux
14:11 Loom
16:14 Feudal Age
17:47 Double-Bit Axe
20:26 Castle Age
18:13 Fishing Lines
22:00 Medium Warships
23:44 Bow Saw
DogeDogOfVenice
4:14 Loom
17:47 Feudal Age
19:02 Wheelbarrow
18:55 Double-Bit Axe
20:10 Fishing Lines
28:10 Castle Age
27:05 Fletching
27:16 Padded Archer Armor
27:16 Scale Mail Armor
27:25 Man-at-Arms
28:30 Town Watch
29:04 Medium Warships
28:47 Gillnets
30:00 Bow Saw
31:36 Leather Archer Armor
33:11 Crossbowman
35:08 Bodkin Arrow
37:28 Elite Skirmisher
38:36 Hand Cart
40:05 Scale Barding Armor
42:27 Husbandry
41:48 Light Cavalry
42:54 Chain Barding Armor
42:45 Forging
48:04 Chain Mail Armor
48:01 Pikeman
48:42 Squires
56:53 Imperial Age
56:34 Chemistry
55:48 Fortified Wall
57:07 Halberdier
57:16 Arbalester
59:42 Ring Archer Armor
60:28 Hussite Reforms
60:44 Conscription
Lheudrin
4:20 Loom
19:31 Feudal Age
20:01 Man-at-Arms
20:39 Gold Mining
20:53 Double-Bit Axe
21:27 Fishing Lines
23:58 Scale Mail Armor
24:28 Arson
29:14 Wheelbarrow
28:25 Town Watch
30:32 Town Watch
31:07 Forging
32:07 Fletching
32:18 Padded Archer Armor
34:41 Castle Age
32:38 Stone Mining
35:19 Bloodlines
35:08 Horse Collar
36:21 Gold Shaft Mining
35:59 Bow Saw
35:21 Light Cavalry
40:26 Capped Ram
42:52 Scale Barding Armor
43:54 Steppe Husbandry
44:55 Pikeman
45:35 Squires
46:22 Heavy Plow
46:42 Fervor
46:54 Sanctity
46:56 Chain Barding Armor
46:31 Fletching
50:24 Chain Mail Armor
50:45 Iron Casting
50:06 Bodkin Arrow
50:13 Padded Archer Armor
51:06 Hand Cart
50:51 Town Patrol
55:05 Imperial Age
53:14 Long Swordsman
55:12 Leather Archer Armor
55:21 Halberdier
56:05 Murder Holes
57:11 Chemistry
56:31 Ballistics
56:20 Cuman Mercenaries
56:41 Conscription
57:24 Conscription
57:48 Plate Mail Armor
58:26 Crop Rotation
60:32 Two-Man Saw
62:00 Cavalier
Must_61
4:21 Loom
17:41 Feudal Age
20:07 Wheelbarrow
19:19 Double-Bit Axe
19:32 Town Watch
20:25 Wheelbarrow
20:14 Fishing Lines
25:49 Castle Age
27:06 Medium Warships
26:50 Gillnets
31:00 Bow Saw
33:26 Forging
33:21 Scale Barding Armor
34:37 Husbandry
40:30 Imperial Age
38:54 Chain Barding Armor
39:20 Hand Cart
39:43 Ballistics
39:51 Gold Mining
39:51 Stone Mining
40:38 Town Patrol
40:47 Cavalier
42:58 Chemistry
43:38 Iron Casting
43:39 Plate Barding Armor
45:27 Blast Furnace
44:44 Paladin
45:49 Padded Archer Armor
45:40 Fletching
45:50 Scale Mail Armor
47:12 Conscription
52:26 Bodkin Arrow
52:46 Leather Archer Armor
52:47 Chain Mail Armor
56:13 Plate Mail Armor
64:42 Gold Shaft Mining
ÇAKIR
15:00 Feudal Age
15:29 Double-Bit Axe
15:26 Horse Collar
20:57 Town Watch
23:40 Castle Age
22:01 Gold Mining
22:55 Scale Barding Armor
23:04 Forging
25:14 Town Watch
34:56 Heavy Plow
35:07 Light Cavalry
37:25 Bow Saw
39:12 Chain Barding Armor
44:00 Iron Casting
52:02 Imperial Age
49:48 Husbandry
55:42 Two-Man Saw
57:23 Town Patrol
57:59 Wheelbarrow
59:31 Plate Barding Armor
59:52 Gold Shaft Mining
58:47 Cavalier
60:54 Blast Furnace
61:18 Paladin
CHR1453
14:53 Feudal Age
15:14 Double-Bit Axe
16:14 Bow Saw
21:11 Castle Age
19:07 Fishing Lines
19:45 Gillnets
21:50 Stone Mining
21:42 Cavalier
25:40 Gold Mining
27:02 Two-Man Saw
27:51 Wheelbarrow
27:01 Town Watch
28:05 Forging
28:18 Husbandry
30:15 Hand Cart
30:16 Horse Collar
31:52 Heavy Plow
32:32 Scale Barding Armor
33:03 Iron Casting
32:09 Man-at-Arms
33:35 Scale Mail Armor
33:55 Town Patrol
36:35 Stone Shaft Mining
36:36 Gold Shaft Mining
36:36 Crop Rotation
41:53 Imperial Age
40:38 Burgundian Vineyards
42:13 Chain Barding Armor
41:53 Scale Mail Armor
41:58 Paladin
46:20 Blast Furnace
45:56 Plate Barding Armor
54:00 Chain Mail Armor
56:37 Plate Mail Armor
bar
5:06 Loom
13:21 Feudal Age
14:47 Wheelbarrow
14:00 Town Watch
18:34 Horse Collar
18:42 Double-Bit Axe
18:49 Gold Mining
19:14 Stone Mining
24:26 Forging
24:22 Scale Barding Armor
45:32 Bloodlines
49:47 Castle Age
51:20 Iron Casting
51:44 Chain Barding Armor
53:53 Husbandry
53:17 Light Cavalry
60:28 Imperial Age
63:09 Hussar
Connection lost

Rejoining the realm…

Still unreachable

The connection could not be restored.

Session expired

The server has moved on; the page needs a fresh start.